 Dungeon Crawl Stone Soup version 0.28-a0-987-g8383568036 (webtiles) character file.

Game seed: 17058571966778002209

8635 Peloso the Carver (level 11, -1/142 HPs)
             Began as a Minotaur Fighter on Dec 4, 2021.
             Was a High Priest of Okawaru.
             Slain by Fannar (3 damage)
             ... on level 10 of the Dungeon.
             The game lasted 00:31:41 (13022 turns).

Peloso the Carver (Minotaur Fighter)               Turns: 13022, Time: 00:31:42

Health: -1/142     AC: 31    Str: 23    XL:     11   Next: 12%
Magic:  10/10      EV:  8    Int: 14    God:    Okawaru [*****.]
Gold:   641        SH:  6    Dex: 12    Spells: 10/10 levels left

rFire   + + .      SeeInvis .   a - +0 long sword
rCold   . . .      Faith    .   c - +0 buckler
rNeg    . . .      Spirit   .   o - +10 plate armour "Buom" {rElec Will+ Int+9 Stlth-}
rPois   .          Reflect  .   (helmet restricted)
rElec   +          Harm     .   H - +3 cloak "Dimem" {rF+}
rCorr   .          Rampage  .   (no gloves)
Will    +....                   j - +0 pair of boots
Stlth   ..........              (no amulet)
HPRegen 0.33/turn               i - ring of protection from fire
MPRegen 0.12/turn               (no ring)

@: berserking, very quick
A: horns 2, retaliatory headbutt
a: Renounce Religion, Heroism, Finesse, Duel


You were on level 10 of the Dungeon.
You worshipped Okawaru.
Okawaru was extremely pleased with you.
You visited 2 branches of the dungeon, and saw 11 of its levels.
You also visited: Sewer and Bailey.

You collected 641 gold pieces.

Inventory:

Hand Weapons
 a - a +0 long sword (weapon)
 b - a +1 whip of flaming
Missiles
 h - 2 throwing nets (quivered)
Armour
 c - a +0 buckler (worn)
 j - a +0 pair of boots (worn)
 o - the +10 plate armour "Buom" (worn) {rElec Will+ Int+9 Stlth-}
   (You took it off an orc in a bailey)

   Int:       It affects your intelligence (+9).
   rElec:     It insulates you from electricity.
   Will:      It increases your willpower.
   Stlth:     It makes you less stealthy.
 B - a scarf of repulsion
 E - the +5 scale mail "Azab" {rF+ rC+}
   (You found it on level 8 of the Dungeon)

   rF:        It protects you from fire.
   rC:        It protects you from cold.
 H - the +3 cloak "Dimem" (worn) {rF+}
   (You found it in a bailey)

   rF:        It protects you from fire.
Jewellery
 i - a ring of protection from fire (left hand)
 A - a ring of see invisible
Wands
 y - a wand of digging (6)
Scrolls
 m - 3 scrolls of teleportation
 q - a scroll of acquirement
 r - a scroll of identify
 t - a scroll of fog
 u - 2 scrolls of immolation {unknown}
 v - a scroll of enchant weapon
 x - a scroll of enchant armour
 C - 2 scrolls of amnesia {unknown}
 D - a scroll of noise {unknown}
 G - a scroll of silence {unknown}
Potions
 d - 3 potions of might
 e - 2 potions of haste
 f - 6 potions of brilliance
 g - 2 potions of berserk rage
 n - 3 potions of attraction
 p - 3 potions of invisibility
 z - a potion of mutation


   Skills:
 + Level 8.7 Fighting
 + Level 12.7 Long Blades
 + Level 11.1 Armour
 + Level 3.7 Dodging
 + Level 1.7 Stealth
 + Level 8.8 Shields
 + Level 0.8 Invocations
 + Level 1.6 Evocations


You had 10 spell levels left.
You didn't know any spells.
Your spell library contained the following spells:

 Spells                   Type           Power      Damage    Failure   Level
 Magic Dart               Conj           0%         1d3       97%         1
 Static Discharge         Conj/Air       0%         N/A       99%         2
 Gell's Gravitas          Tloc           0%         N/A       100%        3
 Mephitic Cloud           Conj/Pois/Air  0%         N/A       100%        3
 Teleport Other           Tloc           0%         N/A       100%        3
 Cause Fear               Hex            0%         N/A       100%        4
 Dispel Undead            Necr           0%         3d6       100%        4
 Sticky Flame             Conj/Fire      0%         2d3       100%        4
 Dispersal                Tloc           0%         N/A       100%        6
 Dragon Form              Tmut           0%         N/A       100%        7
 Call Imp                 Summ           Unusable   N/A       N/A         2
 Dragon's Call            Summ           Unusable   N/A       N/A         9

Dungeon Overview and Level Annotations

Branches:
Dungeon (10/15)            Temple (1/1) D:5           Sewer (visited)
 Bailey (visited)
   Lair: D:8-11         Orc: D:9-12

Altars:
Ashenzari
Cheibriados
Dithmenos
Elyvilon
Fedhas
Gozag
Hepliaklqana
Kikubaaqudgha
Makhleb
Nemelex Xobeh
Okawaru
Qazlal
Trog
Uskayaw
Vehumet
Xom
Zin
The Shining One

Annotations:
D:3 2 transporters, Gilette's ghost, amateur TrCA
D:10 Fannar


Innate Abilities, Weirdness & Mutations

You have a pair of horns on your head.
You reflexively headbutt those who attack you in melee.


Message History

You block the ice beast's attack.
The ice beast hits you but does no damage.
You closely miss Fannar.
Fannar is heavily wounded.
Fannar gestures wildly while chanting.
The ice beast hits you but does no damage. x2
You barely miss Fannar. Your headbutt misses Fannar.
Fannar is heavily wounded.
Fannar hits you but does no damage.
The ice beast hits you but does no damage. x2
You closely miss Fannar. Your headbutt misses Fannar.
Fannar is heavily wounded.
Fannar hits you but does no damage.
Unknown command.
You closely miss Fannar.
Fannar is heavily wounded.
The ice beast barely misses you. The ice beast hits you.
The ice beast freezes you! You block the ice beast's attack.
Unknown command.
You miss Fannar.
Fannar is heavily wounded.
Fannar gestures wildly while chanting.
Fannar drains the heat from the surrounding environment!
* * * LOW HITPOINT WARNING * * *
The ice beast hits you.
* * * LOW HITPOINT WARNING * * *
The ice beast freezes you!
* * * LOW HITPOINT WARNING * * *
You block the ice beast's attack.
The ice beast hits you but does no damage.
Okay, then.
A red film seems to cover your vision as you go berserk!
You feel yourself moving faster!
You feel mighty! Fannar hits you but does no damage.
The ice beast hits you but does no damage. x2
You block the ice beast's attack.
You hit Fannar.
Fannar is heavily wounded.
Fannar hits you with a +0 quarterstaff of freezing.
You die...

...## **,,,,,,,,*,,,** ....#
#........,,,***
....#########.....)..,***
....................***
..........,........**
......##****#.....#* .......##
*#....# ........### #.YeY#
..........## #..@.#
.###..##...###.Y..#
####..###....#...[# #..##
#.........# ###
###..####.........# ###.#
#......#..........###...# #
..................##...## ###
.......................# ####..
......................######.....


You could see Fannar and 3 ice beasts.

Vanquished Creatures
  A boulder beetle (D:10)
  A two-headed ogre (D:6)
  An orc knight (Bailey)
  Pikel (D:6)
  Joseph (D:8)
  A kobold demonologist (D:8)
  A troll (D:10)
  Grinder (D:6)
  A vampire (D:7)
  2 wraiths
  2 wyverns
  A shadow (D:8)
  3 yaks (D:10)
  2 steam dragons (D:9)
  Menkaure (D:4)
  A water moccasin (D:6)
  A sky beast (D:6)
  A hornet zombie (D:6)
  A black bear (D:5)
  9 orc warriors
  3 ogres
  3 necrophages
  A lemure (D:6)
  4 centaurs
  A phantom (D:5)
  2 kobold brigands
  2 bullfrogs
  4 scorpions
  A water moccasin skeleton (D:4)
  3 wights (D:8)
  An electric eel (D:10)
  4 howler monkeys
  A bullfrog zombie (D:4)
  A centaur zombie (D:6)
  2 bullfrog skeletons
  2 gnoll shamans
  2 orc priests
  3 hounds
  Terence (D:3)
  4 iguanas
  6 orc wizards
  A killer bee zombie (D:9)
  A howler monkey zombie (D:9)
  9 gnolls
  6 adders
  A shadow imp (D:6)
  A white imp (D:8)
  An ufetubus (D:7)
  6 worms
  2 dart slugs
  33 orcs
  8 ball pythons
  8 endoplasms
  5 giant cockroaches
  8 goblins
  3 hobgoblins
  6 jackals
  23 kobolds
  2 quokkas
  6 bats
  5 frilled lizards
  8 rats
227 creatures vanquished.

Notes
Turn   | Place    | Note
-------+----------+-------------------------------------------
     0 | D:1      | Peloso the Minotaur Fighter began the quest for the Orb.
     0 | D:1      | Reached XP level 1. HP: 19/19 MP: 0/0
   238 | D:1      | Reached XP level 2. HP: 27/27 MP: 1/1
  1036 | D:2      | Reached XP level 3. HP: 31/33 MP: 2/2
  1812 | D:2      | Reached skill level 3 in Long Blades
  2031 | D:3      | Found a transporter.
  2036 | D:3      | Found a transporter.
  2036 | D:3      | Noticed Gilette's ghost (amateur TrCA)
  2299 | D:3      | Reached XP level 4. HP: 40/40 MP: 3/3
  2408 | D:3      | Found a faded altar of an unknown god.
  2614 | D:3      | Reached skill level 1 in Dodging
  2782 | D:3      | Noticed Terence
  2789 | D:3      | Killed Terence
  2790 | D:3      | Reached skill level 4 in Long Blades
  2790 | D:3      | Reached XP level 5. HP: 39/46 MP: 4/4
  3088 | D:4      | Noticed a necrophage
  3101 | D:4      | Killed a necrophage
  3102 | D:4      | Reached skill level 5 in Armour
  3111 | D:4      | Noticed an ogre
  3118 | D:4      | Killed an ogre
  3119 | D:4      | Reached skill level 5 in Long Blades
  3119 | D:4      | Reached XP level 6. HP: 22/53 MP: 5/5
  3268 | D:4      | Noticed Menkaure
  3275 | D:4      | Killed Menkaure
  3288 | D:4      | Reached XP level 7. HP: 25/60 MP: 6/6
  3293 | D:4      | Found a glowing drain.
  3321 | Sewer    | Entered a sewer
  3794 | Sewer    | Reached skill level 6 in Long Blades
  4104 | D:4      | Identified a scroll of acquirement
  4318 | D:4      | Reached skill level 5 in Fighting
  4964 | D:5      | Entered Level 5 of the Dungeon
  5043 | D:5      | Reached skill level 7 in Long Blades
  5043 | D:5      | Reached skill level 5 in Shields
  5143 | D:5      | Reached XP level 8. HP: 40/69 MP: 7/7
  5304 | D:5      | Found a staircase to the Ecumenical Temple.
  5368 | Temple   | Entered the Ecumenical Temple
  5494 | Temple   | Became a worshipper of Warmaster Okawaru
  6244 | D:6      | Reached skill level 8 in Long Blades
  6467 | D:6      | Noticed a two-headed ogre
  6488 | D:6      | Killed a two-headed ogre
  6488 | D:6      | Reached * piety under Okawaru
  6489 | D:6      | Reached skill level 9 in Long Blades
  6489 | D:6      | Reached XP level 9. HP: 71/77 MP: 8/8
  6768 | D:6      | Noticed Grinder
  6776 | D:6      | Paralysed by Grinder for 3 turns
  6781 | D:6      | Killed Grinder
  6781 | D:6      | Reached ** piety under Okawaru
  7225 | D:6      | Reached skill level 10 in Long Blades
  7372 | D:6      | Noticed Pikel
  7421 | D:6      | Killed Pikel
  7956 | D:7      | Reached *** piety under Okawaru
  7957 | D:7      | Reached skill level 10 in Armour
  8026 | D:7      | Reached skill level 11 in Long Blades
  8397 | D:7      | Reached XP level 10. HP: 59/86 MP: 9/9
  8637 | D:7      | Found a burning altar of Makhleb.
  8824 | D:8      | Noticed Joseph
  9085 | D:8      | Identified the +5 scale mail "Azab" {rF+ rC+}
  9203 | D:8      | Killed Joseph
 10114 | D:9      | Reached **** piety under Okawaru
 10118 | D:9      | Reached skill level 12 in Long Blades
 10701 | D:10     | Entered Level 10 of the Dungeon
 10749 | D:10     | Reached skill level 1 in Stealth
 10852 | D:10     | Found a flagged portal.
 10862 | Bailey   | Entered a bailey
 11137 | Bailey   | Noticed an orc knight
 11226 | Bailey   | Identified the +10 plate armour "Buom" {rElec Will+ Int+9
                  | Stlth-}
 11479 | Bailey   | Identified the +3 cloak "Dimem" {rF+}
 11792 | Bailey   | Killed an orc knight
 11807 | Bailey   | Reached skill level 1 in Evocations
 12255 | D:10     | Noticed a boulder beetle
 12294 | D:10     | Killed a boulder beetle
 12294 | D:10     | Reached ***** piety under Okawaru
 12295 | D:10     | Reached XP level 11. HP: 41/95 MP: 7/10
 12986 | D:10     | Noticed Fannar
 13020 | D:10     | HP: 1/95 [ice beast[Fannar] (8)]
 13022 | D:10     | Slain by Fannar

Illustrated notes

Levels and vault maps discovered:
D:1:      amcnicky_arrival_gap_in_the_tavern_cellar, layout_loops_corners
D:2:      layout_basic
D:3:      layout_loops_corners, shapermc_ecumenical_altar_starsandcircs,
          gammafunk_ghost_mausoleum, uniq_terence
D:4:      minmay_inner_zag, layout_loops_ring, cheibrodos_sewer_entry_bend,
          serial_rivers, chequers_serial_rivers_small_b,
          chequers_serial_rivers_small_3, chequers_serial_rivers_small_a,
          chequers_serial_rivers_micro_c, chequers_serial_rivers_small_3,
          kennysheep_generic_room_12, uniq_menkaure
D:5:      layout_cave_pools, temple_pool_b, chequers_garden,
          chequers_hall_statues_y
D:6:      layout_basic, uniq_pikel, uniq_grinder
D:7:      layout_loops_ring, makhleb_heckhound_becter
D:8:      layout_loops_ring, minmay_holes, kennysheep_path_1,
          minmay_misc_feat_tiny, uniq_joseph
D:9:      layout_roguey
D:10:     layout_cave_pods, enter_bailey_1, minmay_crystal_water,
          amethyst_killhole, corexii_corridor_pit, nzn_sisyphean_effort,
          uniq_fannar
Temple:   minmay_crystal_snake_temple

Skill      XL: |  1  2  3  4  5  6  7  8  9 10 |
---------------+-------------------------------+-----
Shields        | 4 5 7 8 |  8.8
Armour         | 4 5 6 7 9 10 11 | 11.1
Fighting       | 4 5 6 7 8 |  8.7
Long Blades    | 3 4 5 7 9 11 12 | 12.7
Dodging        | 1 2 3 |  3.7
Stealth        | 1 |  1.7
Evocations     | 1 |  1.6
Invocations    | |  0.8

Action                   |  1- 3 |  4- 6 |  7- 9 | 10-12 || total
-------------------------+-------+-------+-------+-------++-------
Melee: Long sword        |   112 |    83 |   310 |   323 ||   828
       Headbutt          |    16 |    14 |    70 |    91 ||   191
Invok: Heroism           |       |       |     2 |     4 ||     6
Evoke: Wand              |       |       |       |    14 ||    14
  Use: Scroll            |     2 |     3 |     5 |     9 ||    19
       Potion            |       |       |     5 |     1 ||     6
 Stab: Distracted        |       |       |     1 |       ||     1
Armor: Scale mail        |    49 |       |       |    61 ||   110
       Chain mail        |    10 |    37 |    36 |       ||    83
       Plate armour      |       |       |   123 |   117 ||   240
Dodge: Dodged            |    46 |    26 |   109 |   138 ||   319
       Repelled          |       |       |       |     1 ||     1
Block: Buckler           |    26 |    18 |    73 |    86 ||   203

Table legend: (Time is in decaauts)
 A = Elapsed time spent in this place.
 B = Non-inter-level travel time spent in this place.
 C = Inter-level travel time spent in this place.
 D = Time resting spent in this place.
 E = Time spent auto-exploring this place.
 F = Levels seen in this place.
 G = Mean time per level.
                   A        B        C        D        E       F      G
               +--------+--------+--------+--------+--------+-----+--------+
         Total |  13123 |  12805 |    318 |   1023 |   8657 |  13 | 1009.5 |
       Dungeon |  11097 |  10779 |    318 |    382 |   8116 |  10 | 1109.7 |
        Temple |    223 |    223 |      0 |      0 |    101 |   1 |  223.0 |
         Sewer |    744 |    744 |      0 |    237 |    287 |   1 |  744.0 |
        Bailey |   1058 |   1058 |      0 |    404 |    152 |   1 | 1058.0 |
               +--------+--------+--------+--------+--------+-----+--------+

Top non-repeatable levels by time:
     D:6: 1583 daAuts
     D:4: 1264 daAuts
    D:10: 1226 daAuts
     D:7: 1154 daAuts
  Bailey: 1058 daAuts
     D:3: 1053 daAuts
     D:2: 1038 daAuts
     D:8: 1022 daAuts
     D:1: 1015 daAuts
     D:5: 1010 daAuts
   Sewer: 744 daAuts
     D:9: 727 daAuts
  Temple: 223 daAuts
